 Dungeon Crawl Stone Soup version 0.32-a0-576-g706899e69d (webtiles) character file.

Game seed: 18246108560663868131

153981 jasper the Executioner (level 17, -1/157 HPs)
             Began as a Mountain Dwarf Berserker on Mar 1, 2024.
             Was the Champion of Trog.
             Slain by a naga warrior
             ... wielding a +0 glaive
              (20 damage)
             ... on level 4 of the Snake Pit.
             The game lasted 00:48:31 (30123 turns).

jasper the Executioner (Mountain Dwarf Berserker)  Turns: 30123, Time: 00:48:32

Health: -1/157     AC: 30    Str: 29    XL:     17   Next: 5%
Magic:  0/26       EV:  2    Int: 10    God:    Trog [******]
Gold:   3031       SH:  0    Dex: 14    Spells: 16/16 levels left

rFire   + . .        s - +6 executioner's axe (vamp)
rCold   + . .        (shield currently unavailable)
rNeg    . . .        M - +0 plate armour
rPois   +            u - +2 helmet
rElec   +            h - scarf "Jepis" {rC+ rF+, -Cast rPois Dex+5 SInv}
rCorr   .            y - +2 pair of gloves
SInv    +            k - +1 pair of boots
Will    ++++.        P - amulet of guardian spirit Stlth
                     z - ring of the Trout {rElec Will+ MP+9 Str+3}
HPRegen 1.46/turn    J - +4 ring of protection
MPRegen 0.20/turn

%: no spellcasting, guardian spirit
@: strong-willed, regenerating, slowed, constricted, very slow
A: runic magic, artefact enchanting
a: Renounce Religion, Berserk, Trog's Hand, Brothers in Arms


You were on level 4 of the Snake Pit.
You worshipped Trog.
Trog was exalted by your worship.
You visited 5 branches of the dungeon, and saw 27 of its levels.

You collected 4111 gold pieces.
You spent 1080 gold pieces at shops.

Inventory:

Hand Weapons
 m - a +0 antimagic trident
 s - a +6 vampiric executioner's axe (weapon)
Missiles
 n - 21 boomerangs (quivered)
 I - 10 curare-tipped darts
Armour
 h - the scarf "Jepis" (worn) {rC+ rF+, -Cast rPois Dex+5 SInv}
   (You acquired it on level 1 of the Lair of Beasts)

   Dex+5:     It affects your dexterity (+5).
   rPois:     It protects you from poison.
   SInv:      It lets you see invisible.
   -Cast:     It prevents spellcasting.
 k - a +1 pair of boots (worn)
 u - a +2 helmet (worn)
 y - a +2 pair of gloves (worn)
 M - a +0 plate armour (worn)
 U - the scarf "Fekije" {repulsion, rC+ Will+++ rCorr Str-2}
   (You found it on level 2 of the Snake Pit)

   Str-2:     It affects your strength (-2).
   rC+:       It protects you from cold.
   Will+++:   It greatly increases your willpower.
   rCorr:     It protects you from acid and corrosion.
Jewellery
 g - a ring of resist corrosion
 z - the ring of the Trout (left hand) {rElec Will+ MP+9 Str+3}
   (You acquired it on level 5 of the Dungeon)

   [ring of willpower]

   Str+3:     It affects your strength (+3).
   rElec:     It insulates you from electricity.
   Will+:     It increases your willpower.
   MP+9:      It affects your magic capacity (+9).
 C - a ring of positive energy
 G - a ring of magical power
 J - a +4 ring of protection (right hand)
 P - an amulet of guardian spirit (around neck)
 S - the ring of Redem {rElec rN+ Str-4 Dex+2 Slay+4}
   (You acquired it on level 1 of the Snake Pit)

   [ring of slaying]

   Str-4:     It affects your strength (-4).
   Dex+2:     It affects your dexterity (+2).
   Slay+4:    It affects your accuracy & damage with ranged weapons and melee
   (+4).
   rElec:     It insulates you from electricity.
   rN+:       It protects you from negative energy.
Wands
 w - a wand of paralysis (41)
 B - a wand of flame (71)
 D - a wand of polymorph (28)
 F - a wand of quicksilver (6)
 N - a wand of digging (11)
 V - a wand of roots (19)
 W - a wand of mindburst (4)
Scrolls
 i - a scroll of torment
 j - a scroll of blinking
 l - 10 scrolls of teleportation
 o - 4 scrolls of fog
 r - 3 scrolls of fear
 t - 3 scrolls of revelation
 H - a scroll of noise
 K - 4 scrolls of poison
 O - 2 scrolls of vulnerability
 Q - 3 scrolls of summoning
 T - 2 scrolls of silence
 X - 3 scrolls of immolation
Potions
 a - 4 potions of might
 b - 2 potions of berserk rage
 d - 2 potions of magic
 e - 4 potions of enlightenment
 f - a potion of invisibility
 p - 11 potions of heal wounds
 q - 5 potions of mutation
 v - 8 potions of curing
 x - 8 potions of haste
 A - 3 potions of ambrosia
 E - 7 potions of attraction
 L - 3 potions of lignification
 Y - 2 potions of cancellation
Miscellaneous
 c - a sack of spiders
 R - a phantom mirror


   Skills:
 * Level 15.7 Fighting
 - Level 24.0 Axes
 + Level 13.9 Armour
 - Level 10.0 Dodging
 + Level 8.9 Evocations


You had 16 spell levels left.
You didn't know any spells.
Your spell library was empty.

Dungeon Overview and Level Annotations

Branches:
Dungeon (15/15)            Temple (0/1) D:5            Lair (5/5) D:11
  Swamp (0/4) Lair:2        Snake (4/4) Lair:2        Slime (0/5) Lair:5
    Orc (2/2) D:12            Elf (0/3) Orc:2        Vaults (0/5) D:14
 Depths (1/4) D:15

Altars:
Ashenzari
Cheibriados
Dithmenos
Elyvilon
Fedhas
Gozag
Hepliaklqana
Kikubaaqudgha
Makhleb
Nemelex Xobeh
Okawaru
Ru
Sif Muna
Trog
Uskayaw
Xom
Yredelemnul
Beogh
Jiyva

Shops:
D:4 =   D:9 *   Orc:2 (:*[   Snake:3 :[!

Annotations:
D:4 3 runed translucent doors, Sirjeffry24's ghost, novice DsFi
D:9 3 runed translucent doors, exclusion: obsidian statue, Asceticacid's ghost, journeyman FoRe
D:14 3 runed translucent doors
Lair:5 1 runed translucent door


Innate Abilities, Weirdness & Mutations

Your spellcasting is much less encumbered by armour.
You can use scrolls of enchantment on lesser artefacts.


Message History

The naga hits you from afar with a +0 trident!!
* * * LOW HITPOINT WARNING * * *
You take 21 damage, and have 29/157 hp.
You now have 5/26 mp.
You feel much better.
You feel sick. The nagaraja casts a spell at you. The poison arrow hits you.
You are more poisoned.
You partially resist. The nagaraja constricts you.
The naga warrior spits poison at you.
The splash of poison hits you but does no damage.
You resist. The naga hits you but does no damage.
The naga warrior barely misses you.
The naga hits you from afar with a +0 trident.
You regained 24 hp, and now have 53/157 hp.
You barely miss the nagaraja.
The nagaraja is heavily wounded.
You closely miss the naga warrior. You hit the naga but do no damage.
You feel very sick. The nagaraja spits poison at you.
The splash of poison hits you but does no damage.
You are more poisoned.
You have difficulty breathing.
* * * LOW HITPOINT WARNING * * *
You feel yourself slow down. The nagaraja constricts you.
The naga warrior hits you but does no damage.
You take 7 damage, and have 46/157 hp.
You feel better. The nagaraja hits you with a +0 club!
* * * LOW HITPOINT WARNING * * *
The nagaraja constricts you.
* * * LOW HITPOINT WARNING * * *
The naga spits poison at you.
The splash of poison hits you but does no damage.
You resist.
The naga hits you from afar with a +0 trident!!
* * * LOW HITPOINT WARNING * * *
The nagaraja hits you but does no damage.
The nagaraja constricts you.
* * * LOW HITPOINT WARNING * * *
The naga warrior hits you from afar with a +0 glaive!!
You die...

. #. # ... #.. ########
....
....######......######N...
#......N@NN.............!
#.....<)N).).............
...#.....).N......?.......
######)..............?.
###......#####.N..
######## N.. .. .


You could see a nagaraja (fast, curare), 2 naga warriors and 2 nagas.

Vanquished Creatures
  Jorgrun (D:13)
  Rupert (D:14)
  Asterion (Snake:3)
  Frances (Snake:1)
  Kirke (D:14)
  Roxanne (D:14)
  A fire giant (Depths:1)
  3 stone giants
  A very ugly thing (D:14)
  3 ettins (Orc:2)
  A rakshasa (D:15)
  3 vault guards (D:14)
  7 centaur warriors
  8 hydras
  2 anacondas
  4 two-headed ogres
  7 boulder beetles
  6 death yaks
  An orc high priest (Orc:2)
  8 naga warriors
  7 naga sharpshooters
  6 shock serpents
  3 tengu warriors
  4 skysharks
  2 salamander mystics
  A fire crab (Lair:5)
  Lodul (D:13)
  An orange crystal statue (D:12)
  8 mana vipers
  4 naga ritualists
  2 bog bodies (Lair:2)
  2 arcanists (D:14)
  A lindwurm (Lair:4)
  3 orc knights
  2 deep elf pyromancers
  14 ugly things
  2 oklob plants
  An orc sorcerer (Orc:2)
  3 manticores
  4 salamanders
  A kobold blastminer (Orc:2)
  14 cyclopes
  2 guardian serpents (Snake:3)
  11 elephants
  31 black mambas
  2 meliai (D:14)
  7 naga magi
  2 torpor snails
  2 gargoyles
  A yaktaur (D:14)
  15 cane toads
  7 rime drakes
  An unseen horror (shapeshifter) (D:13)
  2 freezing wraiths
  3 kobold demonologists
  8 komodo dragons
  A polar bear (shapeshifter) (D:15)
  8 trolls
  2 tyrant leeches
  Grinder (D:4)
  26 blink frogs
  6 dream sheep
  49 yaks
  9 wyverns
  A centaur simulacrum (D:15)
  2 shadows
  5 wraiths
  2 water elementals (D:11)
  18 humans (D:14)
  4 hogs (D:14)
  A hog (shapeshifter) (D:14)
  9 basilisks
  A warg (shapeshifter) (D:14)
  A steam dragon (D:10)
  2 wargs
  14 vampire mosquitoes
  20 nagas
  20 water moccasins
  18 orc warriors
  2 ice beasts
  2 black bears
  2 laughing skulls (D:11)
  16 ogres
  18 centaurs
  A boggart (D:14)
  9 wolves (Lair:1)
  18 bullfrogs
  5 kobold brigands
  4 scorpions
  A scorpion (shapeshifter) (D:13)
  2 gnoll sergeants
  10 wights
  15 killer bees
  3 howler monkeys
  6 electric eels (D:11)
  A bombardier beetle (D:5)
  Crazy Yiuf (D:2)
  6 hounds
  A gnoll bouda (D:7)
  2 jellies
  16 orc priests
  2 sleepcaps
  Jessica (D:2)
  4 iguanas (D:6)
  Ijyb (D:5)
  Natasha (thrice) (D:2)
  24 orc wizards
  8 hell rats (Lair:3)
  8 gnolls
  4 adders
  2 shadow imps
  3 white imps
  2 ufetubi (D:6)
  3 dart slugs
  2 ribbon worms
  85 orcs
  2 endoplasms
  3 giant cockroaches
  5 goblins
  13 hobgoblins
  5 quokkas
  9 ball pythons
  8 bats
  4 frilled lizards
  23 kobolds
  6 rats
  A spectral weapon (Snake:3)
833 creatures vanquished.

Vanquished Creatures (collateral kills)
  Agnes (D:15)
  3 death yaks
  A meliai (D:14)
  5 blink frogs
  4 dream sheep (Lair:5)
  5 yaks
  A hog (D:14)
  A vampire mosquito (Lair:5)
  6 nagas (Lair:2)
  A water moccasin (Lair:5)
  2 centaurs (D:14)
30 creatures vanquished.

Vanquished Creatures (others)
  A hog (D:14)
  An orc wizard (Orc:2)
2 creatures vanquished.

Grand Total: 865 creatures vanquished

Notes
Turn   | Place    | Note
-------+----------+-------------------------------------------
     0 | D:1      | jasper the Mountain Dwarf Berserker began the quest for the
                  | Orb.
     0 | D:1      | Reached XP level 1. HP: 19/19 MP: 1/1
   143 | D:1      | Reached skill level 4 in Axes
   230 | D:1      | Reached XP level 2. HP: 26/26 MP: 2/2
   923 | D:2      | You fall into a shaft and drop 2 floors!
   994 | D:2      | Found a white marble altar of Elyvilon.
  1015 | D:2      | Reached skill level 5 in Axes
  1104 | D:2      | Reached XP level 3. HP: 19/31 MP: 3/3
  1186 | D:2      | Noticed Jessica
  1189 | D:2      | Noticed Natasha
  1199 | D:2      | Killed Jessica
  1200 | D:2      | Reached skill level 6 in Axes
  1200 | D:2      | Reached XP level 4. HP: 38/38 MP: 4/4
  1203 | D:2      | Killed Natasha
  1203 | D:2      | Reached ** piety under Trog
  1257 | D:2      | Noticed Natasha
  1267 | D:2      | Killed Natasha
  1270 | D:2      | Reached XP level 5. HP: 45/45 MP: 5/5
  1273 | D:2      | Reached skill level 7 in Axes
  1320 | D:2      | Found a runed translucent door.
  1321 | D:2      | Noticed Crazy Yiuf
  1513 | D:2      | Noticed Natasha
  1522 | D:2      | Killed Natasha
  1587 | D:2      | Found a roughly hewn altar of Beogh.
  1685 | D:2      | Found a faded altar of an unknown god.
  1972 | D:2      | Killed Crazy Yiuf
  1973 | D:2      | Reached skill level 8 in Axes
  2036 | D:3      | Noticed an ogre
  2043 | D:3      | Killed an ogre
  2044 | D:3      | Reached XP level 6. HP: 45/51 MP: 6/6
  2140 | D:3      | Found an iron altar of Okawaru.
  2739 | D:4      | Reached skill level 9 in Axes
  2887 | D:4      | Noticed Grinder
  2928 | D:4      | Killed Grinder
  2929 | D:4      | Reached skill level 10 in Axes
  2929 | D:4      | Reached XP level 7. HP: 38/57 MP: 7/7
  3079 | D:4      | Found a bloodstained altar of Trog.
  3098 | D:4      | Found a shimmering blue altar of Sif Muna.
  3147 | D:4      | Reached skill level 11 in Axes
  3235 | D:4      | Found a hazy altar of Hepliaklqana.
  3236 | D:4      | Found a shimmering altar of Xom.
  3237 | D:4      | Noticed a spectral ugly thing
  3311 | D:4      | Found a sparkling altar of Nemelex Xobeh.
  3341 | D:4      | Found a runed translucent gate.
  3342 | D:4      | Found a runed translucent gate.
  3346 | D:4      | Found a snail-covered altar of Cheibriados.
  3355 | D:4      | Found a runed translucent gate.
  3359 | D:4      | Noticed Sirjeffry24's ghost (novice DsFi)
  3546 | D:4      | Found Ofan's Jewellery Emporium.
  3607 | D:4      | Found a sacrificial altar of Ru.
  3741 | D:4      | Found a roughly hewn altar of Beogh.
  3793 | D:5      | Entered Level 5 of the Dungeon
  3801 | D:5      | Reached XP level 8. HP: 58/63 MP: 8/8
  3855 | D:5      | Noticed Ijyb
  3872 | D:5      | Killed Ijyb
  4022 | D:5      | Found a burning altar of Makhleb.
  4048 | D:5      | Reached skill level 12 in Axes
  4228 | D:5      | Identified a scroll of acquirement
  4228 | D:5      | Acquired the ring of the Trout {rElec Will+ MP+9 Str+3}
  4338 | D:5      | Found a staircase to the Ecumenical Temple.
  4624 | D:5      | Reached skill level 13 in Axes
  5356 | D:6      | Reached skill level 14 in Axes
  5451 | D:6      | Reached XP level 9. HP: 71/71 MP: 9/9
  5560 | D:6      | Reached skill level 1 in Evocations
  5915 | D:6      | Found a shadowy altar of Dithmenos.
  6047 | D:7      | Reached *** piety under Trog
  6610 | D:7      | Reached skill level 5 in Fighting
  7061 | D:8      | Found a blossoming altar of Fedhas.
  7306 | D:8      | Reached skill level 5 in Armour
  7336 | D:8      | Reached XP level 10. HP: 40/83 MP: 10/10
  7869 | D:8      | Reached **** piety under Trog
  7927 | D:8      | Found a white marble altar of Elyvilon.
  8198 | D:8      | Found a basalt altar of Yredelemnul.
  8433 | D:9      | Found a broken altar of Ashenzari.
  8437 | D:9      | Saw a vision of the Swamp and the Snake Pit.
  8437 | D:9      | Noticed a mana viper
  8437 | D:9      | Noticed a black mamba
  8437 | D:9      | Noticed a bunyip
  8437 | D:9      | Noticed a spriggan rider
  8437 | D:9      | Noticed a shock serpent
  8437 | D:9      | Noticed a black mamba
  8437 | D:9      | Noticed a naga ritualist
  8437 | D:9      | Noticed a black mamba
  8437 | D:9      | Noticed an anaconda
  8438 | D:9      | Noticed a black mamba
  8438 | D:9      | Noticed a black mamba
  8439 | D:9      | Noticed a black mamba
  8499 | D:9      | Found a runed translucent gate.
  8499 | D:9      | Found a runed translucent gate.
  8501 | D:9      | Found a runed translucent gate.
  8502 | D:9      | Found an opulent altar of Gozag.
  8502 | D:9      | Noticed an obsidian statue
  8503 | D:9      | Noticed a centaur warrior
  8503 | D:9      | Noticed a deep elf pyromancer
  8503 | D:9      | Noticed Asceticacid's ghost (journeyman FoRe)
  8503 | D:9      | Noticed a two-headed ogre
  8505 | D:9      | Found Luarghal's Assorted Antiques.
  8549 | D:9      | Reached skill level 5 in Evocations
  9980 | D:10     | Entered Level 10 of the Dungeon
 10016 | D:10     | Reached skill level 5 in Dodging
 10041 | D:10     | Found an ancient bone altar of Kikubaaqudgha.
 10115 | D:10     | Reached XP level 11. HP: 26/94 MP: 11/11
 10469 | D:10     | Noticed a two-headed ogre
 10691 | D:10     | Killed a two-headed ogre
 10727 | D:10     | Identified the +0 ring mail "Toceuse" {rCorr MP+9 Slay-2}
 10860 | D:10     | Noticed a +0 hand axe
 10860 | D:10     | Noticed a +0 dagger
 10981 | D:10     | Acquired 1361 gold pieces
 11275 | D:10     | Found a hide-covered altar of Uskayaw.
 11448 | D:11     | Noticed a two-headed ogre
 11456 | D:11     | Killed a two-headed ogre
 11507 | D:11     | Noticed a sun demon
 11529 | D:11     | Reached ***** piety under Trog
 11774 | D:11     | Found a staircase to the Lair.
 11774 | D:11     | Noticed an oklob plant
 11792 | D:11     | Killed an oklob plant
 11848 | D:11     | Identified the +2 cloak of Vylawail {Stlth+}
 12816 | Lair:1   | Entered Level 1 of the Lair of Beasts
 13013 | D:11     | Reached skill level 15 in Axes
 13087 | D:11     | Reached XP level 12. HP: 63/106 MP: 12/12
 13466 | Lair:1   | Reached skill level 16 in Axes
 13581 | Lair:1   | Reached skill level 10 in Fighting
 13956 | Lair:1   | Reached skill level 10 in Armour
 14538 | Lair:1   | Acquired the scarf "Jepis" {rC+ rF+, -Cast rPois Dex+5
                  | SInv}
 14953 | Lair:2   | Noticed a six-headed hydra
 14967 | Lair:2   | Killed a six-headed hydra
 15083 | Lair:2   | Found a staircase to the Swamp.
 15571 | Lair:2   | Found a staircase to the Snake Pit.
 15725 | Lair:2   | Reached XP level 13. HP: 106/116 MP: 13/13
 16530 | Lair:3   | Identified the +4 whip "Failah" {drain, SInv}
 16561 | Lair:3   | Received a gift from Trog
 17097 | Lair:3   | Reached skill level 17 in Axes
 18181 | Lair:4   | Reached skill level 18 in Axes
 18594 | Lair:5   | Entered Level 5 of the Lair of Beasts
 18609 | Lair:5   | Reached XP level 14. HP: 115/126 MP: 14/14
 18745 | Lair:4   | Reached skill level 19 in Axes
 18762 | Lair:4   | Received a gift from Trog
 18861 | Lair:5   | Reached skill level 20 in Axes
 19252 | Lair:5   | Found a runed translucent door.
 19256 | Lair:5   | Found a viscous altar of Jiyva.
 19257 | Lair:5   | Found a staircase to the Slime Pits.
 19257 | Lair:5   | Noticed an acid blob
 19259 | Lair:5   | Noticed an acid blob
 19879 | D:12     | Reached skill level 21 in Axes
 20220 | D:12     | Found a staircase to the Orcish Mines.
 20233 | D:12     | Found a roughly hewn altar of Beogh.
 20573 | Orc:1    | Entered Level 1 of the Orcish Mines
 20688 | Orc:1    | Found a shimmering altar of Xom.
 20932 | Orc:2    | Entered Level 2 of the Orcish Mines
 20986 | Orc:2    | Found a staircase to the Elven Halls.
 21177 | Orc:2    | Noticed a stone giant
 21189 | Orc:2    | Killed a stone giant
 21198 | Orc:2    | Reached skill level 22 in Axes
 21330 | Orc:2    | Found Inga's Antique Armour Shop.
 21483 | Orc:2    | Found Ybran's Antique Weapon Shoppe.
 21633 | Orc:2    | Found Uxzalut's General Store.
 21652 | Orc:2    | Bought a phantom mirror for 560 gold pieces
 21652 | Orc:2    | Bought a potion of ambrosia for 112 gold pieces
 21703 | Orc:2    | Found Doixupu's Book Boutique.
 21713 | Orc:2    | Reached XP level 15. HP: 108/133 MP: 13/15
 22288 | D:13     | Noticed Lodul
 22301 | D:13     | Killed Lodul
 22596 | D:13     | Reached ****** piety under Trog
 22759 | D:13     | Reached skill level 23 in Axes
 23332 | D:13     | Noticed Jorgrun
 23341 | D:13     | Killed Jorgrun
 23756 | D:14     | Noticed Roxanne
 23775 | D:14     | Reached skill level 24 in Axes
 23929 | D:14     | Noticed Agnes
 23949 | D:14     | Identified the +4 longbow of the Big Fish {freeze, rF+ rC+
                  | Str+2 SInv}
 23979 | D:14     | Received a gift from Trog
 23997 | D:14     | Noticed Rupert
 24117 | D:14     | Found a runed translucent door.
 24118 | D:14     | Found a runed translucent door.
 24134 | D:14     | Found a runed translucent door.
 24235 | D:14     | Killed Rupert
 24467 | D:14     | Noticed Kirke
 24477 | D:14     | Killed Kirke
 24607 | D:14     | Reached skill level 10 in Dodging
 24635 | D:14     | Found a gate to the Vaults.
 24847 | D:14     | Killed Roxanne
 25092 | D:15     | Entered Level 15 of the Dungeon
 25278 | D:15     | Reached XP level 16. HP: 141/141 MP: 16/16
 25422 | D:15     | Found a broken altar of Ashenzari.
 25499 | D:15     | Killed Agnes
 25625 | D:15     | Identified the +1 short sword "Berimet" {flame, rElec
                  | Stlth+} (Trog gifted it to you on level 15 of the Dungeon)
 25625 | D:15     | Received a gift from Trog
 26145 | D:15     | Found a staircase to the Depths.
 26181 | Depths:1 | Entered Level 1 of the Depths
 26628 | Snake:1  | Entered Level 1 of the Snake Pit
 26806 | Snake:1  | Noticed Frances
 26823 | Snake:1  | Killed Frances
 27121 | Snake:1  | Acquired the ring of Redem {rElec rN+ Str-4 Dex+2 Slay+4}
 27810 | Snake:2  | Identified the scarf "Fekije" {repulsion, rC+ Will+++ rCorr
                  | Str-2}
 28583 | Snake:3  | Found Vemmevue's Distillery.
 28585 | Snake:3  | Found Seigunk's Armour Shop.
 28587 | Snake:3  | Found Suwuo's Book Boutique.
 28591 | Snake:3  | Bought a potion of curing for 51 gold pieces
 28591 | Snake:3  | Bought a potion of might for 68 gold pieces
 28591 | Snake:3  | Bought a potion of curing for 51 gold pieces
 28591 | Snake:3  | Bought a potion of might for 68 gold pieces
 28591 | Snake:3  | Bought a potion of haste for 170 gold pieces
 28900 | Snake:3  | Noticed Asterion
 28924 | Snake:3  | Killed Asterion
 28925 | Snake:3  | Reached skill level 15 in Fighting
 29571 | Snake:3  | Reached XP level 17. HP: 125/156 MP: 17/17
 30063 | Snake:4  | Entered Level 4 of the Snake Pit
 30069 | Snake:4  | Identified the +4 battleaxe of Jiebb {heavy, *Noise rElec
                  | rN+ Str+8} (Trog gifted it to you on level 4 of the Snake
                  | Pit)
 30069 | Snake:4  | Received a gift from Trog
 30123 | Snake:4  | Slain by a naga warrior

Illustrated notes

Levels and vault maps discovered:
D:1:      onia_arrival_pentagram, layout_loops_ring, minmay_misc_feat_chi,
          nrook_uturn, minmay_fountain_box
D:2:      layout_loops_ring, hellmonk_ecumenical_altar_defaced_shrine,
          basic_altar, minivault_25, uniq_natasha, uniq_crazy_yiuf_cottage,
          uniq_jessica
D:3:      layout_loops_ring, kennysheep_okawaru_gauntlet
D:4:      layout_basic, nzn_overflow_gifts_of_might_and_magic,
          marbit_many_paths, mainiacjoe_overflow_alcove_4, cheibriados_altar_1,
          regret_index_temple_of_mockery, biasface_ghost_orc_armoury,
          serial_shops, nicolae_shop_statue_plus, uniq_grinder
D:5:      layout_cave_pods, mainiacjoe_overflow_tiny_flanked,
          minmay_temple_entry_proselytizer, uniq_ijyb
D:6:      layout_basic, lemuel_doored_altar, serial_bayou_pond_c
D:7:      layout_cave_pods, amcnicky_mini_rare_corridor_liquid, st_stairs_4
D:8:      layout_loops_ring, mainiacjoe_overflow_surrounded_room,
          kennysheep_little_box, elyvilon_altar_1, dk_noncrumbling_3,
          minmay_misc_feat_hallway, dreamdust_mushroom_princess
D:9:      layout_cave_pods, grunt_ashenzari_visionary
          [grunt_ashenzari_visionary_swamp, grunt_ashenzari_visionary_snake],
          ebering_ghost_gozag
D:10:     layout_irregular_city, kiku_gazebo_garden_becter,
          dancing_weapons_uskayaw
D:11:     layout_irregular_city, dpeg_oklobed_lair, serial_bayou,
          serial_bayou_lake_a, serial_bayou_lagoon_b, serial_bayou_pond_d,
          serial_bayou_lagoon_a, hangedman_decor_clover_reticule
D:12:     layout_gridville, minmay_orc_entry_temple_small, minmay_statue_bubble
D:13:     minmay_angry_zag, layout_gridville, hangedman_glass_teeth,
          solitary_fountain, minmay_hollow_rounded_squares, uniq_jorgrun,
          uniq_lodul
D:14:     minmay_inside_and_out, layout_cave_pods, grunt_vaults_entry_tiered,
          kennysheep_another_room, mikee_hates_you, uniq_agnes, uniq_roxanne,
          uniq_rupert, uniq_kirke
D:15:     grunt_enter_depths_snipers, layout_irregular_city,
          ashenzari_conservatory_becter
Lair:1:   wander_river, layout_misc_corridors, enter_volcano_1
Lair:2:   layout_hall_layers, skrybe_swamp_entry_bodies,
          minmay_snake_entry_guardpost_large
Lair:3:   layout_roguey, special_room [special_room_mythical_zoo],
          wad_woods_road_02, hibernation_bobbens, infiniplex_staircase_pool,
          grunt_megastairs_5, lemuel_fruit_fields
Lair:4:   layout_misc_corridors, cheibrodos_lair_reptile_den,
          grunt_megastairs_1, lemuel_fruit_tree
Lair:5:   minmay_lair_end_frog_pond, layout_misc_corridors, slime_entry_2
Snake:1:  layout_rooms, serial_bayou_shore_b, uniq_frances
Snake:2:  layout_honeycomb, drop_trap
Snake:3:  layout_gridlike, nrook_loot_triangle, minmay_shop_star, uniq_asterion
Snake:4:  minmay_snake_end_coiled, layout_cave_town, serial_bayou_shore_a,
          minmay_shop_grove
Orc:1:    layout_diamond_mine, basic_altar
Orc:2:    grunt_orc_gardens, layout_caves, grunt_orc_garden, grunt_orc_garden,
          grunt_orc_garden, grunt_orc_garden
Depths:1: layout_honeycomb, gammafunk_ghost_berserking_beasts, fedhas_altar_1,
          grunt_hell_entry_dis_mu, abyss_entry_small_statue_room,
          grunt_tough_drop

Skill      XL: |  1  2  3  4  5  6  7  8  9 10 11 12 13 14 15 16 |
---------------+-------------------------------------------------+-----
Axes           | 4 5 6 8 10 11 14 15 16 18 22 24 | 24.0
Fighting       | 5 8 9 11 12 15 | 15.7
Armour         | 5 7 9 11 12 13 | 13.9
Evocations     | 4 5 8 |  8.9
Dodging        | 3 5 6 7 8 10 | 10.0

Action                     |  1- 3 |  4- 6 |  7- 9 | 10-12 | 13-15 | 16-18 || total
---------------------------+-------+-------+-------+-------+-------+-------++-------
  Melee: Hand axe          |   106 |   185 |   352 |   508 |       |       ||  1151
         Unarmed           |       |     2 |       |     1 |       |       ||     3
         War axe           |       |       |       |   342 |   215 |       ||   557
         Trident           |       |       |       |    10 |    40 |     9 ||    59
         Executioner's axe |       |       |       |       |   845 |   457 ||  1302
  Throw: Stone             |       |     7 |       |       |       |       ||     7
         Boomerang         |       |       |    36 |    28 |     8 |     7 ||    79
 Invoke: Berserk           |     2 |     6 |     6 |     2 |     3 |       ||    19
         Trog's Hand       |       |     4 |     6 |    10 |    15 |     4 ||    39
         Brothers in Arms  |       |       |       |     1 |     5 |       ||     6
  Evoke: Wand              |       |       |       |    19 |       |     4 ||    23
         Phantom mirror    |       |       |       |       |       |     1 ||     1
    Use: Scroll            |     1 |     8 |     6 |     6 |    10 |     5 ||    36
         Potion            |       |     7 |       |     1 |       |     2 ||    10
   Stab: Invisible         |       |     1 |       |       |       |       ||     1
         Paralysed         |       |       |       |    10 |       |       ||    10
         Distracted        |       |       |       |       |     2 |       ||     2
 Armour: Animal skin       |    25 |       |       |       |       |       ||    25
         Scale mail        |    46 |    48 |       |       |       |       ||    94
         Ring mail         |     4 |       |       |       |       |       ||     4
         Skin              |       |    16 |       |       |       |       ||    16
         Chain mail        |       |    67 |   126 |       |       |       ||   193
         Plate armour      |       |       |    45 |   733 |  1129 |   591 ||  2498
  Dodge: Dodged            |    51 |    78 |    87 |   299 |   606 |   260 ||  1381
  Block: Buckler           |       |       |       |    87 |    15 |       ||   102

Table legend: (Time is in decaauts)
 A = Elapsed time spent in this place.
 B = Non-inter-level travel time spent in this place.
 C = Inter-level travel time spent in this place.
 D = Time resting spent in this place.
 E = Time spent auto-exploring this place.
 F = Levels seen in this place.
 G = Mean time per level.
                   A        B        C        D        E       F      G
               +--------+--------+--------+--------+--------+-----+--------+
         Total |  29635 |  28235 |   1400 |   4054 |  18260 |  27 | 1097.6 |
       Dungeon |  18124 |  17334 |    790 |   2546 |  11237 |  15 | 1208.3 |
          Lair |   6353 |   6109 |    244 |    781 |   3969 |   5 | 1270.6 |
     Snake Pit |   3383 |   3225 |    158 |    381 |   2079 |   4 |  845.8 |
  Orcish Mines |   1541 |   1351 |    190 |    182 |    947 |   2 |  770.5 |
        Depths |    231 |    215 |     16 |    163 |     28 |   1 |  231.0 |
               +--------+--------+--------+--------+--------+-----+--------+

Top non-repeatable levels by time:
    D:11: 2029 daAuts
  Lair:3: 1660 daAuts
    D:14: 1626 daAuts
     D:8: 1466 daAuts
  Lair:1: 1462 daAuts
     D:9: 1428 daAuts
 Snake:3: 1428 daAuts
    D:10: 1417 daAuts
 Snake:2: 1318 daAuts
     D:2: 1219 daAuts
  Lair:2: 1209 daAuts
    D:13: 1180 daAuts
    D:15: 1162 daAuts
     D:4: 1137 daAuts
     D:5: 1107 daAuts
